 Dungeon Sprint DCSS version 0.29-a0-320-g9f8742066b (webtiles) character file.

Game seed: 14710661485447241630

29 mhtbhm the Cutter (level 3, 0/39 HPs)
             Began as a Kobold Berserker on Apr 3, 2022.
             Was a Believer of Trog.
             Slain by Crazy Yiuf
             ... wielding a +2 quarterstaff of chaos
              (4 damage)
             ... while petrified by Crazy Yiuf
             ... in the Dungeon (Sprint III: "The Ten Rune Challenge").
             The game lasted 00:00:31 (140 turns).

mhtbhm the Cutter (Kobold Berserker)                 Turns: 140, Time: 00:00:32

Health: 0/39       AC:  0    Str: 16    XL:     3   Next: 32%
Magic:  3/3        EV:  5    Int:  8    God:    Trog [**....]
Gold:   0          SH:  0    Dex: 19    Spells: 2/2 levels left

rFire   . . .      SeeInvis .   (weapon currently unavailable)
rCold   . . .      Faith    .   (shield currently unavailable)
rNeg    + + +      Spirit   .   (body armour currently unavailable)
rPois   ∞          Reflect  .   (helmet currently unavailable)
rElec   .          Harm     .   (cloak currently unavailable)
rCorr   .          Rampage  .   (gloves currently unavailable)
Will    .....      NoTele   +   (boots currently unavailable)
Stlth   ..........              (no amulet)
HPRegen 0.13/turn               (ring currently unavailable)
MPRegen 0.08/turn               (ring currently unavailable)

@: berserking (expiring), bat-form, petrified, flying, very quick
A: fast, flying, no casting, tiny, no large weapons, nightstalker 3
a: Renounce Religion, Berserk, Trog's Hand


You were in the Dungeon.
You worshipped Trog.
Trog was pleased with you.
You were a bat.
You visited 1 branch

Inventory:

Hand Weapons
 a - a +0 short sword (melded)
Armour
 b - a +0 leather armour (melded)
Wands
 j - a wand of polymorph (12)
Scrolls
 h - a scroll of blinking
 i - a scroll of immolation {unknown}
Potions
 c - a potion of curing
 d - a potion of heal wounds
 e - a potion of haste
 f - 2 potions of magic
 g - a potion of berserk rage
 k - a potion of mutation {unknown}


   Skills:
 + Level 5.1 Fighting
 + Level 6.3 Short Blades
 + Level 2.1 Armour
 + Level 3.3 Dodging
 + Level 1.2 Stealth
 + Level 0.2 Unarmed Combat


You had 2 spell levels left.
You didn't know any spells.
Your spell library was empty.

Dungeon Overview and Level Annotations

Branches:
Dungeon (1/1)

Altars:

Annotations:
D Crazy Yiuf


Innate Abilities, Weirdness & Mutations

You are a bat.
You are tiny and dextrous.
You move quickly.
You are flying.
You are immune to poison.
Your equipment is almost entirely melded.
You are incapable of wielding weapons or throwing items.
You cannot cast spells.
You are small and have problems with some larger weapons.
You are completely attuned to the shadows.


Message History

You drop a +0 animal skin.
You see here a +0 leather armour.
b - a +0 leather armour You start putting on your armour.
You continue putting on your +0 leather armour. x3
You feel yourself speed up.
You continue putting on your +0 leather armour.
You finish putting on your +0 leather armour.
You start waiting.
You recover from your berserk rage.
You start waiting.
You open the door.
There is an open door here.
A human comes into view.
Crazy Yiuf the Enlightened comes into view.
He is wielding a +2 quarterstaff of chaos and carrying a wand of polymorph (11).
Crazy Yiuf shouts!
Crazy Yiuf hits you with a +2 quarterstaff of chaos!
You are slowing down.
Unknown command.
A red film seems to cover your vision as you go berserk!
You feel yourself moving faster!
You feel mighty!
Crazy Yiuf hits you with a +2 quarterstaff of chaos!
Crazy Yiuf freezes you.
Your limbs are stiffening.
You puncture Crazy Yiuf!
Crazy Yiuf is heavily wounded.
Crazy Yiuf zaps a wand.
You resist with significant effort.
You have turned to stone.
Crazy Yiuf hits you with a +2 quarterstaff of chaos!
Space warps around you.
Crazy Yiuf zaps a wand.
You turn into a bat.
Your +0 short sword melds into your body.
Your +0 leather armour melds into your body.
Crazy Yiuf hits you with a +2 quarterstaff of chaos.
* * * LOW HITPOINT WARNING * * *
Crazy Yiuf hits you with a +2 quarterstaff of chaos!
* * * LOW HITPOINT WARNING * * *
Crazy Yiuf freezes you.
* * * LOW HITPOINT WARNING * * *
Crazy Yiuf hits you with a +2 quarterstaff of chaos!
You die...

▓▓▓▓ ▓▓▓▓▓▓ ▓<.#
+....♣ ▓..#
#..g.♣
▓#'####..b.♣♣
▓.....#....≈♣
▓.....#...≈≈♣
▓.....#..≈≈≈≈.
▓####)#..≈≈≈≈≈
▓.[...#.≈≈≈≈≈≈...
▓.....#.≈≈≈≈≈....
▓.....#.≈≈≈....p.
▓'#####..........


You could see Crazy Yiuf.

Vanquished Creatures
  Jessica (D)
  2 endoplasms (D)
  A rat (D)
4 creatures vanquished.

Notes
Turn   | Place    | Note
-------+----------+-------------------------------------------
     0 | D        | mhtbhm the Kobold Berserker began the quest for the Orb.
     0 | D        | Reached XP level 1. HP: 14/14 MP: 1/1
    11 | D        | Noticed Jessica
    15 | D        | Killed Jessica
    15 | D        | Reached ** piety under Trog
    16 | D        | Reached skill level 5 in Fighting
    16 | D        | Reached skill level 6 in Short Blades
    16 | D        | Reached skill level 1 in Stealth
    16 | D        | Reached XP level 2. HP: 21/21 MP: 2/2
    16 | D        | Reached XP level 3. HP: 26/26 MP: 3/3
   130 | D        | Noticed Crazy Yiuf
   140 | D        | Slain by Crazy Yiuf

Illustrated notes

Levels and vault maps discovered:
D:        dungeon_sprint_mu [sprint_mu_entry_forest, sprint_mu_temple_rooms,
          sprint_mu_d1_spiders, sprint_mu_d2_genie, sprint_mu_d3_branching,
          sprint_mu_orc_legion, sprint_mu_elf_gauntlet, sprint_mu_hive_nellie,
          sprint_mu_lair_fedhas, sprint_mu_vaults_butterflies,
          sprint_mu_slime_circle, sprint_mu_shoals_archi,
          sprint_mu_snake_twists, sprint_mu_blade_basic,
          sprint_mu_crypt_fortress, sprint_mu_tomb_spiral,
          sprint_mu_vestibule_basic, sprint_mu_gehenna_hellfire,
          sprint_mu_dis_giant, sprint_mu_tartarus_statrot,
          sprint_mu_cocytus_islands, sprint_mu_zot1]

Skill      XL: |  1 |
---------------+----+-----
Fighting       | 5 |  5.1
Short Blades   | 6 |  6.3
Armour         | 2 |  2.1
Dodging        | 3 |  3.3
Stealth        | 1 |  1.2
Unarmed Combat | |  0.2

Action                   || total
-------------------------++-------
Melee: Short sword       ||     3
       Unarmed           ||     2
Invok: Berserk           ||     2
 Stab: Sleeping          ||     2

Table legend: (Time is in decaauts)
 A = Elapsed time spent in this place.
 B = Non-inter-level travel time spent in this place.
 C = Inter-level travel time spent in this place.
 D = Time resting spent in this place.
 E = Time spent auto-exploring this place.
 F = Levels seen in this place.
 G = Mean time per level.
                   A        B        C        D        E       F      G
               +--------+--------+--------+--------+--------+-----+--------+
         Total |    150 |    150 |      0 |     67 |      3 |   1 |  150.0 |
       Dungeon |    150 |    150 |      0 |     67 |      3 |   1 |  150.0 |
               +--------+--------+--------+--------+--------+-----+--------+

Top non-repeatable levels by time:
       D: 150 daAuts
